 Dungeon Crawl Stone Soup version 0.30-b1-2-g02819fbbbe (webtiles) character file.

Game seed: 7314014972770982861

56 MackTheKnife the Vexing (level 3, -1/24 HPs)
             Began as a Barachi Enchanter on May 19, 2023.
             Slain by a gnoll
             ... wielding a +0 spear
              (5 damage)
             ... on level 2 of the Dungeon.
             The game lasted 00:02:32 (1315 turns).

MackTheKnife the Vexing (Barachi Enchanter)         Turns: 1315, Time: 00:02:33

Health: -1/24      AC:  2    Str:  9    XL:     3   Next: 97%
Magic:  4/7        EV: 12    Int: 17    God:
Gold:   35         SH:  0    Dex: 12    Spells: 3/8 levels left

rFire   . . .        a - +1 dagger {short}
rCold   . . .        (no shield)
rNeg    . . .        b - +0 robe
rPois   .            (no helmet)
rElec   .            k - scarf {+Inv}
rCorr   .            (no gloves)
SInv    .            (no boots)
Will    .....        (no amulet)
Stlth   ++           (no ring)
HPRegen 0.24/turn    (no ring)
MPRegen 0.10/turn

%: no passive effects
@: slow
A: amphibious, slowness 1, strong legs 1, +LOS
a: Hop, Evoke Invisibility


You were on level 2 of the Dungeon.
You visited 1 branch of the dungeon, and saw 2 of its levels.

You collected 35 gold pieces.


Innate Abilities, Weirdness & Mutations

You are amphibious.
You cover ground slowly.
You can hop short distances.
You have an extended range of vision and can be seen from far away.


   Skills:
 - Level 1.1 Short Blades
 - Level 2.1 Dodging
 - Level 2.9 Stealth
 + Level 3.1 Spellcasting
 + Level 4.1 Hexes
 - Level 1.3 Ice Magic


You had 3 spell levels left.
You knew the following spells:

 Your Spells              Type           Power      Damage    Failure   Level
a - Ensorcelled Hibernat  Hex/Ice        22%        N/A       9%          2
b - Confusing Touch       Hex            16%        N/A       10%         3

Your spell library contained the following spells:

 Spells                   Type           Power      Damage    Failure   Level
 Tukima's Dance           Hex            16%        N/A       10%         3
 Dazzling Flash           Conj/Hex       18%        N/A       22%         3

Inventory:

Hand Weapons
 a - a +1 dagger (weapon) {short}
Armour
 b - a +0 robe (worn)
 k - a scarf of invisibility (worn)
   (You found it on level 1 of the Dungeon)
Scrolls
 g - 2 scrolls of identify {unknown}
 h - a scroll of teleportation {unknown}
 i - a scroll of fear {unknown}
 j - a scroll of silence {unknown}
Potions
 c - 3 potions of invisibility
 d - a potion of degeneration {unknown}
 e - a potion of attraction {unknown}
 f - 4 potions of curing {unknown}

Dungeon Overview and Level Annotations

Branches:
Dungeon (2/15) Zot: 10566

Altars:

#######
#.....#
#.<...#
#.....#
#...@.######
#..........#
#.....g.##.#
#######g#
########.#
.........##
..........#
..........#
####...##..


You could see 2 gnolls.


Message History

Your mp is fully restored (7).
You start resting. 😎 HP[+17]
Your hp is fully restored (24).
Things that are here:
a +0 club {mace}; a +0 dagger {short}
There is a stone staircase leading down here.
You climb downwards.
There is a stone staircase leading up here.
A gnoll is nearby!
The gnoll resists with significant effort. 😎 MP[-2]
You lost 2 mp, and now have 5/7 mp.
Casting: Ensorcelled Hibernation (safe; 9% risk of failure)
Confirm with . or Enter, or press ? or * to list all spells.
Aiming: Ensorcelled Hibernation (safe; 9% risk of failure)
Press: ? - help, Shift-Dir - straight line, f/p - gnoll
Aim: a gnoll, wielding a +0 spear (chance to affect: 53%)
Okay, then.
Unknown command.
Casting: Ensorcelled Hibernation (safe; 9% risk of failure)
Confirm with . or Enter, or press ? or * to list all spells.
Aiming: Ensorcelled Hibernation (safe; 9% risk of failure)
Press: ? - help, Shift-Dir - straight line, f/p - gnoll
Aim: a gnoll, wielding a +0 spear (chance to affect: 53%)
The gnoll resists with significant effort.
The gnoll hits you from afar with a +0 spear. 😕 HP[-4] MP[-2]
You take 4 damage, and now have 20/24 hp.
You lost 2 mp, and now have 3/7 mp.
Unknown command.
Casting: Ensorcelled Hibernation (safe; 9% risk of failure)
Confirm with . or Enter, or press ? or * to list all spells.
Aiming: Ensorcelled Hibernation (safe; 9% risk of failure)
Press: ? - help, Shift-Dir - straight line, f/p - gnoll
Aim: a gnoll, wielding a +0 spear (chance to affect: 53%)
The gnoll resists with significant effort.
The gnoll closely misses you. 😕 MP[-2]
You lost 2 mp, and now have 1/7 mp.
Unknown command.
The gnoll hits you from afar with a +0 spear.
You climb upwards.
There is a stone staircase leading down here. 😮 HP[-5]
You take 5 damage, and now have 15/24 hp.
MASSIVE DAMAGE!! (PAUSE)
You start resting. 😎 HP[+9] MP[+4]
Your hp is fully restored (24).
You regained 4 mp, and now have 5/7 mp.
You start resting. 😎 MP[+2]
Your mp is fully restored (7).
You see here a +0 ring mail.
There is a stone staircase leading down here.
You climb downwards.
There is a stone staircase leading up here.
A ball python comes into view.
A ball python is nearby!
No target in view!
No target in view!
A gnoll comes into view. It is wielding a +1 spear of venom.
A gnoll comes into view. It is wielding a +0 club.
The gnoll shouts!
There is a stone staircase leading up here.
The gnoll looks drowsy... 😎 MP[-2]
You lost 2 mp, and now have 5/7 mp.
The helpless gnoll fails to defend itself.
You puncture the gnoll!
You kill the gnoll!
A gnoll is nearby!
A gnoll is nearby!
A gnoll is nearby!
A gnoll is nearby! 😎 MP[+1]
The gnoll hits you from afar with a +0 spear!
The gnoll hits you from afar with a +0 spear.
* * * LOW HITPOINT WARNING * * *
Things that are here:
a +0 club {mace}; a scroll labelled HICSASMIOS; a gnoll corpse 😨 HP[-13]
You take 13 damage, and now have 11/24 hp.
MASSIVE DAMAGE!! (PAUSE)
Casting: Ensorcelled Hibernation (safe; 9% risk of failure)
Confirm with . or Enter, or press ? or * to list all spells.
Aiming: Ensorcelled Hibernation (safe; 9% risk of failure)
Press: ? - help, Shift-Dir - straight line, f - gnoll
Aim: a gnoll, wielding a +0 spear (chance to affect: 53%)
The gnoll looks drowsy... 😨 HP[+1] MP[-2]
You lost 2 mp, and now have 4/7 mp.
The gnoll shouts!
The gnoll hits you with a +0 spear!
* * * LOW HITPOINT WARNING * * *
😱 HP[-8]
You take 8 damage, and now have 4/24 hp.
MASSIVE DAMAGE!! (PAUSE)
The gnoll hits you from afar with a +0 spear.
You die...

Skill      XL: |  1  2  3 |
---------------+----------+-----
Ice Magic      | 1 |  1.3
Spellcasting   | 3 |  3.1
Hexes          | 4 |  4.1
Short Blades   | |  1.1
Dodging        | |  2.1
Stealth        | |  2.9

Action                     || total
---------------------------++-------
  Melee: Dagger            ||   122
         Punch             ||     1
   Cast: Ensorcelled Hiber ||    18
   Stab: Sleeping          ||    16
 Armour: Robe              ||    24
  Dodge: Dodged            ||    91

Levels and vault maps discovered:
D:1:      lightli_arrival_noodles, layout_loops_ring
D:2:      layout_rooms

Notes
Turn   | Place    | Note
-------+----------+-------------------------------------------
     0 | D:1      | MackTheKnife the Barachi Enchanter began the quest for the
                  | Orb.
     0 | D:1      | Reached XP level 1. HP: 13/13 MP: 3/3
     0 | D:1      | magus.rc [v1.9.6]
   119 | D:1      | Reached XP level 2. HP: 19/19 MP: 5/5
   122 | D:1      | Learned a level 2 spell: Ensorcelled Hibernation
   451 | D:1      | Reached skill level 1 in Ice Magic
   506 | D:1      | Reached XP level 3. HP: 24/24 MP: 4/7
   966 | D:1      | Learned a level 3 spell: Confusing Touch
  1023 | D:2      | Reached skill level 3 in Spellcasting
  1023 | D:2      | Reached skill level 4 in Hexes
  1079 | D:2      | HP: 4/24 [gnoll/+0 spear (9)]
  1314 | D:2      | HP: 4/24 [gnoll/+0 spear (8)]
  1315 | D:2      | Slain by a gnoll

Vanquished Creatures
  A gnoll (D:2)
  An adder (D:2)
  2 ball pythons (D:1)
  4 endoplasms (D:1)
  2 giant cockroaches
  6 goblins (D:1)
  4 hobgoblins (D:1)
  2 jackals (D:1)
  A quokka (D:1)
  4 bats (D:1)
  A frilled lizard (D:1)
  4 kobolds (D:1)
  5 rats (D:1)
37 creatures vanquished.

Table legend:
 A = Non-vault XP
 B = Vault XP
 C = Vault XP percentage of total XP
 D = Non-vault monster count
 E = Vault monster count
 F = Vault count percentage of total count
                 A         B        C        D         E       F
            +---------+---------+-------+---------+---------+-------
      Total |      81 |       0 |   0.0 |      37 |       0 |   0.0
            +---------+---------+-------+---------+---------+-------
        D:1 |      52 |       0 |   0.0 |      34 |       0 |   0.0
        D:2 |      29 |       0 |   0.0 |       3 |       0 |   0.0
            +---------+---------+-------+---------+---------+-------

Skill      XL: |  1  2  3 |
---------------+----------+-----
Ice Magic      | 1 |  1.3
Spellcasting   | 3 |  3.1
Hexes          | 4 |  4.1
Short Blades   | |  1.1
Dodging        | |  2.1
Stealth        | |  2.9

Action                     || total
---------------------------++-------
  Melee: Dagger            ||   122
         Punch             ||     1
   Cast: Ensorcelled Hiber ||    18
   Stab: Sleeping          ||    16
 Armour: Robe              ||    24
  Dodge: Dodged            ||    91

Illustrated notes

Table legend:
 A = Kills in this place as a percentage of kills in the entire game.
 B = Kills by you in this place as a percentage of kills by you in the entire game.
 C = Kills by friends in this place as a percentage of kills by friends in the entire game.
 D = Other kills in this place as a percentage of other kills in the entire game.
 E = Experience gained in this place as a percentage of experience gained in the entire game.
 F = Experience gained in this place divided by the number of levels of this place that you have seen.
                   A       B       C       D       E      F
               +-------+-------+-------+-------+-------+----------------------
         Total | 100.0 | 100.0 |   N/A |   N/A | 100.0 |  40.5
       Dungeon | 100.0 | 100.0 |   N/A |   N/A | 100.0 |  40.5
               +-------+-------+-------+-------+-------+----------------------

Table legend: (Time is in decaauts)
 A = Elapsed time spent in this place.
 B = Non-inter-level travel time spent in this place.
 C = Inter-level travel time spent in this place.
 D = Time resting spent in this place.
 E = Time spent auto-exploring this place.
 F = Levels seen in this place.
 G = Mean time per level.
                   A        B        C        D        E       F      G
               +--------+--------+--------+--------+--------+-----+--------+
         Total |   1432 |   1352 |     80 |    238 |    795 |   2 |  716.0 |
       Dungeon |   1432 |   1352 |     80 |    238 |    795 |   2 |  716.0 |
               +--------+--------+--------+--------+--------+-----+--------+

Top non-repeatable levels by time:
     D:1: 1304 daAuts
     D:2: 128 daAuts
